 Dungeon Crawl Stone Soup version 0.16.1-2-g95b8d4c (webtiles) character file.

1831 valak23 the Chopper (level 9, -2/50 HPs)
             Began as a Vine Stalker Chaos Knight on Mar 24, 2015.
             Slain by Erolcha
             ... wielding a +0 giant club
              (5 damage)
             ... on level 8 of the Dungeon.
             The game lasted 00:15:48 (5338 turns).

valak23 the Chopper (Vine Stalker Chaos Knight)     Turns: 5338, Time: 00:15:49

Health: -2/50      AC: 13    Str: 15    XL:     9   Next: 11%
Magic:  0/12       EV:  2    Int: 12    God:    Xom [*.....]
Gold:   352        SH: 13    Dex: 15    Spells: 0 memorised, 8 levels left

rFire  . . .     SeeInvis .     t - +0 war axe
rCold  + . .     Clarity  .     h - +0 plate armour
rNeg   . . .     SustAb   +     A - +0 large shield
rPois  .         Gourm    .     (no helmet)
rElec  .         Spirit   +     L - +1 cloak
rCorr  .         Warding  .     (no gloves)
rMut   .         Stasis   .     (no boots)
MR     +....                    (no amulet)
Stlth  ..........               x - ring of sustain abilities
                                n - ring of protection from cold

@: somewhat resistant to hostile enchantments, extremely unstealthy
A: fangs 3, blurry vision 2, deterioration 1, regeneration 2, robust 1, weak 1,
magic shield, antimagic bite, no device heal 3, rot immunity, placid magic 1
a: Renounce Religion


You were on level 8 of the Dungeon.
You worshipped Xom.
You were a special plaything of Xom.
You were very full.

You visited 1 branch of the dungeon, and saw 8 of its levels.

You collected 352 gold pieces.

Inventory:

Hand weapons
 a - a +0 hand axe of chaos
 t - a +0 war axe (weapon)
 C - a +0 shortbow
Armour
 b - a +2 leather armour
 h - a +0 plate armour (worn)
 A - a +0 large shield (worn)
 F - the -2 leather armour of Mourog {rPois Dex-3 SInv}
   (You found it on level 5 of the Dungeon)

   It affects your dexterity (-3).
   It protects you from poison.
   It enhances your eyesight.
 L - a +1 cloak (worn)
Jewellery
 n - a ring of protection from cold (left hand)
 x - a ring of sustain abilities (right hand)
Magical devices
 w - a wand of cold (7)
 G - a wand of disintegration (16)
 H - a wand of invisibility (6)
 J - a wand of disintegration (11)
 K - a wand of random effects (23)
Scrolls
 e - 3 scrolls of recharging
 f - 3 scrolls of remove curse
 g - 3 scrolls of identify
 i - 3 scrolls of enchant armour {unknown}
 j - 2 scrolls of random uselessness {unknown}
 l - 3 scrolls of teleportation
 m - a scroll of fear {unknown}
 p - 2 scrolls of fog {unknown}
 y - a scroll of noise {unknown}
 B - a scroll of enchant weapon {unknown}
 E - a scroll of acquirement {unknown}
 I - a scroll of magic mapping {unknown}
Potions
 k - 2 potions of haste {unknown}
 q - a potion of ambrosia
 r - a potion of invisibility {unknown}
 u - 2 potions of restore abilities {unknown}
 v - 4 potions of curing {unknown}
 D - a potion of resistance {unknown}
Comestibles
 c - 6 bread rations
 d - 2 meat rations
 o - 5 fruits
 s - a royal jelly
 z - a beef jerky


   Skills:
 + Level 4.9 Fighting
 * Level 5.8 Axes
 + Level 3.8 Armour
 + Level 5.1 Dodging
 + Level 3.8 Stealth
 + Level 2.8 Shields


You had 8 spell levels left.
You didn't know any spells.

Dungeon Overview and Level Annotations

Branches:
Dungeon (8/15)             Temple (0/1) D:6
   Lair: D:8-11

Altars:
Cheibriados
Dithmenos
Elyvilon
Gozag
Trog
Vehumet
Yredelemnul

Shops:
D:6 %

Annotations:
D:8 Erolcha


Innate Abilities, Weirdness & Mutations

You have razor-sharp teeth.
You heal very quickly.
When hurt, damage is shared between your health and your magic reserves.
Your bite disrupts and absorbs the magic of your enemies.
Potions and wands cannot restore your health.
You are immune to rotting.
Scrolls take you longer to read.
Your body is slowly deteriorating.
You are robust (+10% HP).
You are weak. (Str -2)
Your spells are a little easier to cast, but a little less powerful.


Message History

Erolcha gestures at you while chanting. The bolt of cold hits you! You resist.
* * * LOW HITPOINT WARNING * * *
Erolcha hits you but does no damage.
Your shield and plate armour prevent you from hitting Erolcha.
Erolcha is severely wounded.
Erolcha zaps a wand.
You resist with almost no effort.
Your shield and plate armour prevent you from hitting Erolcha.
Your bite misses Erolcha.
Erolcha is severely wounded.
Erolcha hits you with a giant club!
* * * LOW HITPOINT WARNING * * *
You hit Erolcha!
Erolcha is severely wounded.
Erolcha falters for a moment.
You hit Erolcha but do no damage.
Erolcha is severely wounded.
Erolcha falters for a moment.
Erolcha hits you with a giant club.
You die...
Xom cackles wildly!

### #.# #.# ###.###
!....
....#######O########
..........)@).<....+
.....######.......##
. #+#######


You could see Erolcha.

Vanquished Creatures
  The ghost of ventricule the Vexing, an average OpAM of Fedhas (D:3)
  A black bear (D:6)
  An ice beast (D:7)
  A phantom (D:7)
  A sky beast (D:7)
  4 ogres
  A giant frog (D:6)
  2 scorpions (D:7)
  A jelly (D:5)
  A hound (D:7)
  A goliath beetle (D:7)
  A giant frog skeleton (D:4)
  2 orc wizards (D:3)
  2 worker ants
  A hound skeleton (D:4)
  8 adders
  9 gnolls
  A worker ant zombie (D:5)
  A giant mite (D:6)
  A shadow imp (D:6)
  2 worms
  7 giant geckos
  13 orcs
  7 giant cockroaches
  11 goblins
  9 hobgoblins
  10 kobolds
  5 quokkas
  A ball python (D:2)
  12 bats
  A giant gecko skeleton (D:6)
  5 giant newts
  17 jackals
  A jackal zombie (D:5)
  7 rats
149 creatures vanquished.

Vanquished Creatures (collateral kills)
  An ice beast (D:5)
  An orc warrior (D:7)
  An ogre (D:5)
  A crimson imp (D:7)
  A centaur zombie (D:5)
  A giant frog skeleton (D:5)
  4 gnolls
  A giant cockroach (D:5)
11 creatures vanquished.

Vanquished Creatures (others)
  3 orcs (D:7)
3 creatures vanquished.

Grand Total: 163 creatures vanquished

Notes
Turn   | Place    | Note
--------------------------------------------------------------
     0 | D:1      | valak23, the Vine Stalker Chaos Knight, began the quest for the Orb.
     0 | D:1      | Reached XP level 1. HP: 11/11 MP: 1/1
    24 | D:1      | XOM: divination: detect creatures
   106 | D:1      | XOM: butterfly on damage
   107 | D:1      | XOM: smoke on damage
   108 | D:1      | Reached XP level 2. HP: 7/16 MP: 0/3
   109 | D:1      | Reached skill level 3 in Axes
   589 | D:2      | Reached XP level 3. HP: 17/20 MP: 4/4
   597 | D:2      | Reached skill level 1 in Dodging
   615 | D:2      | XOM: harmless Divn miscast
   701 | D:2      | XOM: 6-stop teleportation journey
   952 | D:2      | Found a white marble altar of Elyvilon.
  1085 | D:2      | XOM: cast spell 'Cause Fear'
  1142 | D:2      | XOM: colour smoke trail
  1302 | D:2      | XOM: colour smoke trail
  1403 | D:3      | Reached XP level 4. HP: 16/24 MP: 5/5
  1420 | D:3      | Found a snail-covered altar of Cheibriados.
  1436 | D:3      | Noticed ventricule's ghost (average OpAM)
  1444 | D:3      | Killed ventricule's ghost
  1444 | D:3      | Reached skill level 1 in Stealth
  1444 | D:3      | Reached XP level 5. HP: 8/28 MP: 7/7
  1444 | D:3      | Gained mutation: You heal very quickly. [vine stalker growth]
  1444 | D:3      | Reached XP level 6. HP: 9/32 MP: 8/8
  1482 | D:3      | XOM: cast spell 'Beastly Appendage'
  1888 | D:3      | XOM: harmless Air miscast
  1895 | D:3      | XOM: silly message
  2101 | D:3      | XOM: noise
  2240 | D:4      | Reached skill level 4 in Axes
  2245 | D:4      | XOM: vitrification
  2348 | D:4      | XOM: divination: detect items
  2485 | D:4      | Reached XP level 7. HP: 37/37 MP: 9/9
  2490 | D:4      | Found a shadowy altar of Dithmenos.
  2640 | D:5      | Entered Level 5 of the Dungeon
  2667 | D:5      | XOM: smoke on damage
  2674 | D:5      | HP: 1/37 [ogre/giant club (9)]
  2838 | D:5      | Found a basalt altar of Yredelemnul.
  2939 | D:5      | XOM: god gift: shortbow {god gift}
  3100 | D:5      | Found a radiant altar of Vehumet.
  3320 | D:5      | Got a steaming leather armour
  3327 | D:5      | XOM: give mutations
  3327 | D:5      | Gained mutation: Scrolls take you a little longer to read. [Xom's mischief]
  3327 | D:5      | Gained mutation: You are weak. (Str -2) [Xom's mischief]
  3327 | D:5      | Gained mutation: Scrolls take you longer to read. [Xom's mischief]
  3327 | D:5      | Gained mutation: Your body is slowly deteriorating. [Xom's mischief]
  3331 | D:5      | Identified the cursed -2 leather armour of Mourog {rPois Dex-3 SInv} (You found it on level 5 of the Dungeon)
  3373 | D:6      | Found an opulent altar of Gozag.
  3487 | D:6      | XOM: butterfly on damage
  3489 | D:6      | Gained mutation: You have razor-sharp teeth. [vine stalker growth]
  3489 | D:6      | Reached XP level 8. HP: 24/42 MP: 8/11
  3584 | D:6      | Found a staircase to the Ecumenical Temple.
  3727 | D:6      | Reached skill level 1 in Shields
  3804 | D:6      | Found Phayfau's Food Shop.
  3831 | D:6      | XOM: harmless Chrm miscast
  3848 | D:6      | XOM: vitrification
  4308 | D:7      | Gained mutation: Your spells are a little easier to cast, but a little less powerful. [mutagenic meat]
  4350 | D:7      | Gained mutation: You are robust (+10% HP). [potion of beneficial mutation]
  4655 | D:7      | XOM: destruction
  4665 | D:7      | XOM: enchant monster (good)
  4675 | D:7      | Reached skill level 5 in Axes
  4983 | D:7      | Reached skill level 5 in Dodging
  4984 | D:7      | XOM: summons friendly iron imp
  5043 | D:7      | Reached XP level 9. HP: 38/50 MP: 12/12
  5049 | D:7      | XOM: polymorph iron imp -> crimson imp
  5073 | D:7      | XOM: god gift: runed cloak {god gift}
  5134 | D:7      | Found a bloodstained altar of Trog.
  5222 | D:7      | XOM: medium Tloc miscast
  5312 | D:8      | Noticed Erolcha
  5323 | D:8      | XOM: harmless Pois miscast
  5336 | D:8      | HP: 1/50 [Erolcha/giant club (6)]
  5338 | D:8      | Slain by Erolcha

Action                   |  1- 3 |  4- 6 |  7- 9 || total
-------------------------+-------+-------+-------++-------
Melee: Hand axe          |   107 |   159 |       ||   266
       War axe           |       |       |   244 ||   244
  Use: Potion            |       |     1 |     2 ||     3
       Scroll            |       |     4 |     3 ||     7
 Stab: Paralysed         |     1 |     2 |       ||     3
       Sleeping          |     1 |     1 |     4 ||     6
       Confused          |       |     2 |       ||     2
  Eat: Bread ration      |     1 |       |     3 ||     4
       Chunk             |       |       |     2 ||     2
       Meat ration       |       |       |     1 ||     1
